 Dungeon Crawl Stone Soup version 0.24-a0-586-g8e0e932 (webtiles) character file.

Game seed: 11394763724500068669, levelgen mode: deterministic

39 paralogiki the Grave Robber (level 3, -3/27 (29) HPs)
             Began as a Ghoul Necromancer on Sept 8, 2019.
             Slain by an adder (4 damage)
             ... on level 1 of the Dungeon.
             The game lasted 00:03:15 (1287 turns).

paralogiki the Grave Robber (Ghoul Necromancer)     Turns: 1287, Time: 00:03:16

HP:   -3/27 (29)    AC:  2    Str: 11    XL:     3   Next: 45%
MP:   1/5           EV: 12    Int: 11    God:
Gold: 58            SH:  0    Dex:  9    Spells: 1/6 levels left

rFire    . . .     SeeInvis +   (no weapon)
rCold    + . .     Gourm    .   (no shield)
rNeg     + + +     Faith    .   a - +0 robe
rPois    ∞         Spirit   .   (no helmet)
rElec    .         Reflect  .   (no cloak)
rCorr    .         Harm     .   (no gloves)
MR       +....                  (no boots)
Stlth    ++........             (no amulet)
HPRegen  0.00/turn              i - ring of see invisible {sInv, !d}
MPRegen  0.09/turn              v - ring of protection from magic {MR+, !d}

@: rotting
A: rotting body, claws 1, carnivore, cold resistance 1, negative energy
resistance 3, inhibited regeneration, torment resistance, unbreathing
a: no special abilities


You were on level 1 of the Dungeon.
You were very hungry.

You visited 1 branch of the dungeon, and saw 2 of its levels.

You collected 58 gold pieces.

Inventory:

Hand Weapons
 g - a +0 short sword
   (You took it off a kobold on level 1 of the Dungeon)
 j - a +0 dagger
   (You found it on level 1 of the Dungeon)
 k - a +0 dagger
   (You took it off a kobold on level 1 of the Dungeon)
 l - a +0 dagger
   (You took it off a kobold on level 1 of the Dungeon)
 n - a +0 club
   (You took it off a goblin on level 1 of the Dungeon)
 s - a +0 club
   (You took it off a kobold on level 2 of the Dungeon)
 u - a +0 club
   (You took it off a goblin on level 1 of the Dungeon)
 w - a +0 short sword
   (You took it off a kobold on level 2 of the Dungeon)
Missiles
 h - 4 boomerangs (quivered)
Armour
 a - a +0 robe (worn)
 r - a +0 pair of gloves
   (You found it on level 2 of the Dungeon)
Jewellery
 i - a ring of see invisible (left claw) {sInv, !d}
   (You found it on level 1 of the Dungeon)
 q - an uncursed ring of stealth {Stlth+}
   (You found it on level 1 of the Dungeon)
 v - a ring of protection from magic (right claw) {MR+, !d}
   (You found it on level 1 of the Dungeon)
Scrolls
 b - a scroll of remove curse {@r2}
 d - 2 scrolls of teleportation {unknown}
 e - a scroll of immolation {unknown}
 f - 2 scrolls of identify {unknown}
 m - a scroll of fear {unknown}
 o - a scroll of amnesia {unknown}
 p - a scroll of fog {unknown}
Potions
 t - a potion of curing {unknown}
Comestibles
 c - 2 rations


   Skills:
 * Level 1.9 Fighting
 - Level 1.7 Dodging
 - Level 2.1 Stealth
 + Level 2.1 Spellcasting
 * Level 4.4 Necromancy


You had one spell level left.
You knew the following spells:

 Your Spells              Type           Power        Failure   Level  Hunger
a - Pain                  Necr           ##..         4%          1    ##.....
x - Vampiric Draining     Necr           ##........   14%         3    ####...
A - Animate Skeleton      Necr           N/A          4%          1    ##.....

Your spell library contained the following spells:

 Spells                   Type           Power        Failure   Level  Hunger
 Regeneration             Chrm/Necr      #.........   34%         3    ####...
 Animate Dead             Necr           N/A          41%         4    #####..


Dungeon Overview and Level Annotations

Branches:
Dungeon (2/15)

Altars:


Innate Abilities, Weirdness & Mutations

Your body is rotting away.
You thrive on raw meat.
You are immune to poison.
You have sharp fingernails.
You are carnivorous and can eat meat at any time.
Your flesh is cold resistant. (rC+)
You are immune to negative energy. (rN+++)
You do not regenerate when monsters are visible.
You are immune to unholy pain and torment.
You can survive without breathing.


Message History

A quokka is nearby!
A rat comes into view.
Found an escape hatch in the ceiling.
Found a stone staircase leading down.
Aim: a quokka (chance to defeat MR: 78%)
The quokka writhes in agony.
You now have 4/5 mp.
Aim: a quokka (heavily wounded, chance to defeat MR: 78%)
The quokka writhes in agony.
The quokka twitches its whiskers.
You now have 3/5 mp.
Aim: a quokka (severely wounded, chance to defeat MR: 78%)
The quokka barely resists.
The quokka bites you.
You take 2 damage, and have 25/28 hp.
You now have 2/5 mp.
Aim: a quokka (severely wounded, chance to defeat MR: 78%)
The quokka writhes in agony.
You kill the quokka!
You now have 1/5 mp.
Aim: a rat (chance to defeat MR: 80%)
You miscast Pain.
You are very lightly contaminated with residual magic.
You smell decay.
You now have 0/5 mp.
You closely miss the rat. The rat bites you.
You take 2 damage, and have 23/28 hp.
You completely miss the rat. The rat closely misses you.
You scratch the rat but do no damage. The rat bites you but does no damage.
You scratch the rat but do no damage. The rat bites you.
You take 1 damage, and have 22/28 hp.
You closely miss the rat. The rat misses you.
You closely miss the rat. The rat closely misses you.
You barely miss the rat. The rat closely misses you.
You scratch the rat.
You kill the rat!
A bat and a jackal come into view.
There are monsters nearby!
There are monsters nearby!
There are monsters nearby!
Aim: a bat (chance to defeat MR: 80%)
The bat writhes in agony.
The bat hits you but does no damage. The bat barely misses you.
The bat completely misses you.
You now have 0/5 mp.
You miss the bat. The bat barely misses you.
A bat, an adder, a jackal and a kobold come into view.
The adder hisses angrily.
The jackal barks!
The bat barely misses you. x2
The jackal barks!
You scratch the bat.
You kill the bat!
The bat hits you but does no damage.
A jackal comes into view.
You closely miss the bat. The bat barely misses you.
The jackal barks!
You scratch the adder. The jackal bites you. The adder bites you.
The jackal bites you. The adder bites you.
You take 5 damage, and have 18/28 hp.
The jackal bites you.
You take 2 damage, and have 16/28 hp.
Your magical contamination has completely faded away.
The jackal bites you.
You take 1 damage, and have 15/28 hp.
You feel your flesh rotting away. The bat barely misses you.
The adder barely misses you. The bat closely misses you. The jackal bites you.
You take 2 damage, and have 13/27 hp.
The bat barely misses you. The bat barely misses you. The adder bites you.
There is a stone staircase leading up here.
Things that are here:
an uncursed amulet of guardian spirit {Spirit} an uncursed amulet of inaccuracy You take 2 damage, and have 11/27 hp.
The bat hits you but does no damage. The bat misses you.
The jackal barely misses you. The adder closely misses you.
The jackal bites you.
You climb upwards.
There is a stone staircase leading down here.
You take 2 damage, and have 9/27 hp.
The jackal bites you.
* * * LOW HITPOINT WARNING * * *
You take 1 damage, and have 8/27 hp.
The adder bites you.
* * * LOW HITPOINT WARNING * * *
The jackal bites you but does no damage.
You take 4 damage, and have 4/27 hp.
The jackal bites you.
* * * LOW HITPOINT WARNING * * *
You take 1 damage, and have 3/27 hp.
Aim: a jackal (chance to defeat MR: 80%)
The jackal writhes in agony.
The jackal misses you. The adder bites you.
* * * LOW HITPOINT WARNING * * *
You take 2 damage, and have 1/27 hp.
You now have 1/5 mp.
Aim: a jackal (heavily wounded, chance to defeat MR: 80%)
The jackal writhes in agony.
You kill the jackal!
The adder bites you but does no damage.
You now have 0/5 mp.
You don't have enough magic to cast that spell.
The adder barely misses you.
You closely miss the adder. The adder bites you.
You die...

#......############.########
#.[.................#
#......#####..####..#
#......# #........#
#......#####..#.##.##
#######.......#.##.#
#.........##.##.#
####.#.##.....#.##.#
.........>...†.S@..#
.....#.#....#.#.####
.....#.#....#.#.#
.....#..........#
.....#.#.####.### .......#.#
#.# ....##.#.# #.#
.......#.# #.# .....#.#.#
#.#


You could see an adder.

Vanquished Creatures
  A worm (D:2)
  2 dart slugs (D:1)
  A leopard gecko (D:1)
  A ball python (D:1)
  2 giant cockroaches
  4 goblins (D:1)
  3 hobgoblins (D:1)
  A jackal (D:1)
  A quokka (D:2)
  4 bats
  A frilled lizard (D:1)
  5 kobolds
  3 rats
29 creatures vanquished.

Notes
Turn   | Place    | Note
-------+----------+-------------------------------------------
     0 | D:1      | paralogiki the Ghoul Necromancer began the quest for the
                  | Orb.
     0 | D:1      | Reached XP level 1. HP: 14/14 MP: 2/2
     2 | D:1      | Learned a level 1 spell: Animate Skeleton
   176 | D:1      | Reached XP level 2. HP: 22/22 MP: 0/3
   189 | D:1      | Reached skill level 1 in Fighting
   442 | D:1      | Reached skill level 2 in Spellcasting
   648 | D:1      | Reached XP level 3. HP: 28/28 MP: 0/5
  1095 | D:1      | Learned a level 3 spell: Vampiric Draining
  1279 | D:1      | HP: 4/27 [adder (4)]
  1283 | D:1      | HP: 1/27 [adder (2)]
  1287 | D:1      | Slain by an adder

Levels and vault maps discovered:
D:1:      mushboom_english_gardens, layout_basic, corner_web_ring,
          minmay_tiny_reverse_x
D:2:      layout_rooms, kiku_gazebo_garden_becter

Skill      XL: |  1  2 |
---------------+-------+-----
Fighting       | 1 |  1.9
Spellcasting   | 2 |  2.1
Dodging        | |  1.7
Stealth        | |  2.1
Necromancy     | |  4.4

Action                   || total
-------------------------++-------
Melee: Unarmed           ||    57
 Cast: Pain              ||    43
  Use: Scroll            ||     1
  Eat: Chunk             ||     1
Armor: Robe              ||     7
Dodge: Dodged            ||    50

Table legend:
 A = Non-vault XP
 B = Vault XP
 C = Vault XP percentage of total XP
 D = Non-vault monster count
 E = Vault monster count
 F = Vault count percentage of total count
                 A         B        C        D         E       F
            +---------+---------+-------+---------+---------+-------
      Total |      52 |       4 |   7.1 |      27 |       2 |   6.9
            +---------+---------+-------+---------+---------+-------
        D:1 |      34 |       4 |  10.5 |      18 |       2 |  10.0
        D:2 |      18 |       0 |   0.0 |       9 |       0 |   0.0
            +---------+---------+-------+---------+---------+-------

Levels and vault maps discovered:
D:1:      mushboom_english_gardens, layout_basic, corner_web_ring,
          minmay_tiny_reverse_x
D:2:      layout_rooms, kiku_gazebo_garden_becter

Table legend:
 A = Turns spent in this place as a percentage of turns spent in the entire game.
 B = Non-inter-level travel turns spent in this place as a percentage of non-inter-level travel turns spent in the entire game.
 C = Inter-level travel turns spent in this place as a percentage of turns spent in this place.
 D = Turns resting spent in this place as a percentage of non-inter-level travel turns spent in this place.
 E = Turns spent auto-exploring this place as a percentage of non-inter-level travel turns spent in this place.
 F = Non-inter-level travel turns spent in this place divided by the number of levels of this place that you've seen.
                   A       B       C       D       E      F
               +-------+-------+-------+-------+-------+----------------------
         Total | 100.0 | 100.0 |   4.8 |  29.6 |  48.7 | 612.5
       Dungeon | 100.0 | 100.0 |   4.8 |  29.6 |  48.7 | 612.5
               +-------+-------+-------+-------+-------+----------------------

Table legend:
 A = Kills in this place as a percentage of kills in entire the game.
 B = Kills by you in this place as a percentage of kills by you in the entire game.
 C = Kills by friends in this place as a percentage of kills by friends in the entire game.
 D = Other kills in this place as a percentage of other kills in the entire game.
 E = Experience gained in this place as a percentage of experience gained in the entire game.
 F = Experience gained in this place divided by the number of levels of this place that you have seen.
                   A       B       C       D       E      F
               +-------+-------+-------+-------+-------+----------------------
         Total | 100.0 | 100.0 |   N/A |   N/A | 100.0 |  28.0
       Dungeon | 100.0 | 100.0 |   N/A |   N/A | 100.0 |  28.0
               +-------+-------+-------+-------+-------+----------------------
